 Dungeon Crawl Stone Soup version 0.25-a0-302-g9f758675c1 (webtiles) character file.

Game seed: 18376569995251045699, levelgen mode: deterministic

330 DerDa the Magician (level 6, -1/36 HPs)
             Began as an Octopode Fire Elementalist on Dec 20, 2019.
             Slain by a slave (10 damage)
             ... led by Pikel
             ... on level 4 of the Dungeon.
             The game lasted 00:08:23 (2461 turns).

DerDa the Magician (Octopode Fire Elementalist)     Turns: 2461, Time: 00:08:23

Health: -1/36      AC:  1    Str:  8    XL:     6   Next: 51%
Magic:  6/12       EV: 13    Int: 19    God:
Gold:   193        SH:  0    Dex: 12    Spells: 10/14 levels left

rFire    . . .     SeeInvis .   a - +1 whip (venom)
rCold    . . .     Gourm    +   (no shield)
rNeg     . . .     Faith    .   (helmet restricted)
rPois    .         Spirit   .   r - amulet of the gourmand
rElec    .         Reflect  .   (no ring)
rCorr    .         Harm     .   (no ring)
MR       .....                  (no ring)
Stlth    +++.......             (no ring)
HPRegen  0.12/turn              (no ring)
MPRegen  0.13/turn              (no ring)
                                (no ring)
                                (no ring)

@: no status effects
A: almost no armour, stealthy swim, amphibious, 8 rings, constrict 8, camouflage
1, gelatinous body 1
a: no special abilities


You were on level 4 of the Dungeon.
You were full.

You visited 1 branch of the dungeon, and saw 4 of its levels.

You collected 193 gold pieces.

Inventory:

Hand Weapons
 a - a +1 whip of venom (weapon)
 b - a +3 hunting sling of flaming
Missiles
 l - 166 stones (quivered)
Jewellery
 r - an amulet of the gourmand (around mantle)
 s - a cursed ring of attention {unknown}
Wands
 u - a wand of random effects (15)
Scrolls
 e - a scroll of teleportation {unknown}
 f - 3 scrolls of fog {unknown}
 g - 2 scrolls of enchant armour {unknown}
 j - a scroll of random uselessness {unknown}
 k - 2 scrolls of identify {unknown}
 o - 2 scrolls of remove curse {unknown}
 t - 4 scrolls of magic mapping {unknown}
Potions
 d - 3 potions of curing {unknown}
 h - a potion of ambrosia {unknown}
 i - a potion of agility {unknown}
 m - a potion of might {unknown}
 n - a potion of berserk rage {unknown}
 p - 2 potions of mutation {unknown}
 q - a potion of flight {unknown}
Comestibles
 c - 10 rations


   Skills:
 - Level 2.0 Dodging
 - Level 2.6 Stealth
 * Level 4.5 Spellcasting
 + Level 3.1 Conjurations
 + Level 4.3 Fire Magic


You had 10 spell levels left.
You knew the following spells:

 Your Spells              Type           Power        Failure   Level  Hunger
a - Foxfire               Conj/Fire      ###.         2%          1    None
b - Conjure Flame         Conj/Fire      ###.....     9%          3    ###....

Your spell library contained the following spells:

 Spells                   Type           Power        Failure   Level  Hunger
 Inner Flame              Hex/Fire       ##......     16%         3    ###....
 Sticky Flame             Conj/Fire      ###.....     28%         4    ####...
 Fireball                 Conj/Fire      ###.......   61%         5    ######.


Dungeon Overview and Level Annotations

Branches:
Dungeon (4/15)
 Temple: D:4-7

Altars:
Makhleb
Nemelex Xobeh
Ru

Annotations:
D:3 1 runed translucent door, Crazy Yiuf
D:4 Pikel


Innate Abilities, Weirdness & Mutations

You cannot wear most types of armour.
You are very stealthy in the water. (Stealth+)
You are amphibious.
You can wear up to eight rings at the same time.
You can use your tentacles to constrict eight enemies at once.
Your skin changes colour to match your surroundings (Stealth+).
Your rubbery body absorbs attacks. (AC +1, EV +1)


Message History

Pikel hits you with a +0 whip of freezing!
Pikel freezes you. The slave hits you.
Casting: Foxfire (safe; 2% risk of failure)
Confirm with . or Enter, or press ? or * to list all spells.
You conjure some foxfire!
The slave closely misses you.
The foxfire hits Pikel.
Pikel is severely wounded.
The foxfire hits the slave but does no damage.
Pikel looks more healthy.
The slave barely misses you.
You hit Pikel but do no damage.
Pikel is poisoned.
Your grab misses Pikel.
Pikel is almost dead.
The slave closely misses you.
Pikel hits you with a +0 whip of freezing.
* * * LOW HITPOINT WARNING * * *
Pikel freezes you.
* * * LOW HITPOINT WARNING * * *
The slave hits you!
You die...

#...........).
#.............#
#..............
#.............### #.
#...........#... ..#
#...........#.####.#.#
#.....pp...........#.#
#.....pK...........#.#
#.....p@^..........#.#
#..................#.#
+..#########........#.#
### #....####..#.###
#....# #.......
#....####..####.
#...............
#.............(.
#...............


You could see Pikel and 4 slaves.

Vanquished Creatures
  2 ogres
  A hound (D:4)
  An iguana (D:4)
  Robin (D:2)
  2 adders
  An adder skeleton (D:4)
  3 worms
  A dart slug (D:2)
  4 leopard geckos
  A ball python (D:1)
  2 giant cockroaches
  12 goblins
  10 hobgoblins
  4 bats
  3 frilled lizards (D:1)
  7 kobolds
  A quokka skeleton (D:4)
  4 rats
60 creatures vanquished.

Vanquished Creatures (others)
  135 foxfires
135 creatures vanquished.

Grand Total: 195 creatures vanquished

Notes
Turn   | Place    | Note
-------+----------+-------------------------------------------
     0 | D:1      | DerDa the Octopode Fire Elementalist began the quest for
                  | the Orb.
     0 | D:1      | Reached XP level 1. HP: 11/11 MP: 3/3
   167 | D:1      | Reached XP level 2. HP: 17/17 MP: 1/5
   576 | D:2      | Reached XP level 3. HP: 21/21 MP: 1/7
   624 | D:2      | Found a sacrificial altar of Ru.
   853 | D:2      | Learned a level 3 spell: Conjure Flame
   965 | D:2      | Noticed Robin
   970 | D:2      | Killed Robin
   970 | D:2      | Reached XP level 4. HP: 20/27 MP: 8/8
  1263 | D:2      | Found a burning altar of Makhleb.
  1323 | D:2      | Found a sparkling altar of Nemelex Xobeh.
  1689 | D:3      | Found a runed translucent door.
  1690 | D:3      | Noticed Crazy Yiuf
  1884 | D:3      | Found a faded altar of an unknown god.
  2202 | D:4      | Noticed an ogre
  2229 | D:3      | Killed an ogre
  2229 | D:3      | Reached XP level 5. HP: 31/31 MP: 6/10
  2260 | D:4      | Reached XP level 6. HP: 20/36 MP: 6/12
  2439 | D:4      | Noticed Pikel
  2439 | D:4      | Noticed a slave
  2440 | D:4      | Noticed a slave
  2441 | D:4      | Noticed a slave
  2442 | D:4      | Noticed a slave
  2461 | D:4      | Slain by a slave

Levels and vault maps discovered:
D:1:      dpeg_arrival_solitude, layout_rooms
D:2:      layout_rooms, old_standard_altar, lightli_temple_of_fire,
          nemelex_xobeh_ov_fountains_minmay, chequers_serial_rivers_micro_e,
          uniq_robin
D:3:      layout_loops_ring, chequers_ecumenical_altar_simple_redux,
          first_ration, uniq_crazy_yiuf_cottage
D:4:      layout_basic, serial_shops, shop, uniq_pikel

Skill      XL: |  1  2  3  4  5  6 |
---------------+-------------------+-----
Spellcasting   | 3 4 |  4.5
Conjurations   | 2 3 |  3.1
Fire Magic     | 4 |  4.3
Dodging        | |  2.0
Stealth        | |  2.6

Action                   |  1- 3 |  4- 6 || total
-------------------------+-------+-------++-------
Melee: Unarmed           |    12 |       ||    12
       Constrict         |    15 |     6 ||    21
       Whip              |    31 |    29 ||    60
       Tentacles         |     8 |     3 ||    11
 Fire: Hunting sling     |     4 |       ||     4
 Cast: Foxfire           |    39 |    40 ||    79
 Stab: Sleeping          |       |     1 ||     1
  Eat: Chunk             |       |    10 ||    10
Armor: Skin              |     5 |     1 ||     6
Dodge: Dodged            |    34 |    22 ||    56

Table legend:
 A = Non-vault XP
 B = Vault XP
 C = Vault XP percentage of total XP
 D = Non-vault monster count
 E = Vault monster count
 F = Vault count percentage of total count
                 A         B        C        D         E       F
            +---------+---------+-------+---------+---------+-------
      Total |     437 |      35 |   7.4 |      49 |      11 |  18.3
            +---------+---------+-------+---------+---------+-------
        D:1 |      26 |       0 |   0.0 |      17 |       0 |   0.0
        D:2 |      48 |      35 |  42.2 |      16 |      11 |  40.7
        D:3 |     154 |       0 |   0.0 |      10 |       0 |   0.0
        D:4 |     209 |       0 |   0.0 |       6 |       0 |   0.0
            +---------+---------+-------+---------+---------+-------
